 Dungeon Crawl Stone Soup version 0.32-a0-314-g526f7d4993 (webtiles) character file.

Game seed: 12311390826229987910

1234 Xavori the Trooper (level 8, -5/58 HPs)
             Began as a Djinni Chaos Knight on Feb 16, 2024.
             Was a Plaything of Xom.
             Slain by an ice beast (16 damage)
             ... on level 6 of the Dungeon.
             The game lasted 00:05:26 (8829 turns).

Xavori the Trooper (Djinni Chaos Knight)            Turns: 8829, Time: 00:05:26

Health: -5/58      AC:  7    Str: 15    XL:     8   Next: 77%
Gold:   157        EV: 13    Int: 14    God:    Xom [......] SH:  0 Dex: 13

rFire   + + .        a - +0 falchion (chaos)
rCold   x . .        (no shield)
rNeg    . . .        b - +2 leather armour
rPois   ∞            (helmet unavailable)
rElec   .            (no cloak)
rCorr   .            (no gloves)
SInv    +            (boots unavailable)
Will    +....        r - amulet of faith
Stlth   +            t - ring of wizardry
HPRegen 1.09/turn    (no ring)
MPRegen 0.00/turn

%: faith, wizardry (x1), infuse magic (-6 HP)
@: flying
A: sickness immunity, fire resistance 2, cold vulnerability 1, float, innate
caster, HP casting, extra vitality 1, horns 3, iridescent scales 1, see
invisible, strong-willed 1, regeneration 1, strong 1, MP-powered wands, sturdy
frame 1, noise suppression
a: Renounce Religion


You were on level 6 of the Dungeon.
You worshipped Xom.
You were a very special plaything of Xom.
You visited 1 branch of the dungeon, and saw 6 of its levels.
You also visited: Ossuary.

You collected 157 gold pieces.

Inventory:

Hand Weapons
 a - a +0 falchion of chaos (weapon)
Armour
 b - a +2 leather armour (worn)
Jewellery
 r - an amulet of faith (around neck)
 t - a ring of wizardry (left hand)
 w - a +5 ring of evasion
Wands
 h - a wand of polymorph (2)
 q - a wand of iceblast (10)
Scrolls
 c - a scroll of butterflies
 i - a scroll of fog {unknown}
 j - a scroll of enchant armour {unknown}
 n - 4 scrolls of revelation
 s - a scroll of immolation
 u - a scroll of poison {unknown}
 v - a scroll of vulnerability {unknown}
 x - a scroll of enchant weapon
 y - a scroll of amnesia
Potions
 d - 4 potions of curing {unknown}
 f - 2 potions of mutation {unknown}
 g - a potion of berserk rage {unknown}
 k - 2 potions of magic {unknown}
 l - a potion of heal wounds {unknown}
 m - a potion of enlightenment {unknown}
 o - 2 potions of haste {unknown}
 p - a potion of brilliance {unknown}
 z - a potion of lignification {unknown}


   Skills:
 + Level 4.9 Fighting
 + Level 4.4 Long Blades
 + Level 3.9 Armour
 + Level 4.8 Dodging
 * Level 4.3 Spellcasting
 * Level 4.3 Conjurations
 * Level 4.3 Hexes
   Level 0.0 Charms
 * Level 4.3 Summonings
 * Level 4.3 Necromancy
 * Level 4.3 Translocations
   Level 0.0 Transmutations
 * Level 4.3 Fire Magic
 * Level 4.3 Ice Magic
 * Level 4.3 Air Magic
 * Level 4.3 Earth Magic
 * Level 4.3 Alchemy


You knew the following spells:

 Your Spells              Type           Power      Damage    Failure   Level
a - Slow                  Hex            60%        N/A       1%          1
b - Momentum Strike       Conj/Tloc      30%        3d8       1%          2
c - Hailstorm             Conj/Ice       15%        3d6       4%          3
Your spell library was empty.

Dungeon Overview and Level Annotations

Branches:
Dungeon (6/15)             Temple (0/1) D:5         Ossuary (visited)

Altars:
Dithmenos
Elyvilon
Fedhas
Gozag
Xom

Shops:
D:2 [(=   D:6 (


Innate Abilities, Weirdness & Mutations

You are immune to sickness and miasma.
You are immune to poison.
Your flesh is very heat resistant. (rF++)
You are vulnerable to cold. (rC-)
You float through the air rather than walking.
You learn spells naturally, not from books.
Your magical power is your life essence.
You have superior vitality. (+4 MHP)
You have a pair of large horns on your head.
You are partially covered in iridescent scales. (AC +2)
You have supernaturally acute eyesight. (SInv)
You are strong-willed. (Will+)
Your natural rate of healing is unusually fast.
Your muscles are strong. (Str +4, Int/Dex -1)
You expend health (3 HP) to strengthen your wands.
Your movements are slightly less encumbered by armour. (ER -2)
You passively dampen the noise of your surroundings.


Message History

The steam dragon bites you.
The steam dragon claws you but does no damage.
You closely miss the steam dragon. Your headbutt misses the steam dragon.
The steam dragon is severely wounded.
The steam dragon completely misses you.
The steam dragon claws you but does no damage.
The ufetubus shouts!
You hit the steam dragon but do no damage.
The steam dragon is almost dead.
An ufetubus comes into view.
The ufetubus shouts!
You hit the steam dragon but do no damage.
The steam dragon looks even sicker.
The steam dragon is almost dead.
You kill the steam dragon!
An adder comes into view.
Your life force feels restored.
You barely miss the ice beast.
The adder hisses angrily.
You headbutt the ice beast!
The ice beast is moderately wounded.
The ice beast barely misses you.
Unknown command.
You hit the ice beast but do no damage.
Lightning courses through the ice beast!
You headbutt the ice beast, but do no damage.
The ice beast is almost dead.
A wight comes into view. It is wielding a +0 great sword.
The ice beast hits you. The ice beast freezes you!!
You feel a terrible chill!
Unknown command.
You hit the ice beast but do no damage.
The ice beast seems to speed up.
The ice beast is almost dead.
The ice beast hits you. The ice beast freezes you!!
You feel a terrible chill!
* * * LOW HITPOINT WARNING * * *
The ice beast hits you.
* * * LOW HITPOINT WARNING * * *
The ice beast freezes you!
You feel a terrible chill!
Xom roars with laughter!
You die...
Xom laughs nastily!

..(.....###..##.#.......#
..####.####..##.##.######
..# #..........##.# .##
######..#####.## .#
#.........# . #.........#
. #..######.######
#................
#.####@###.##.#.# ..# #Y#
.# .55 .. .###S #.# .. ..
.. ## .#.#. .z ?.


You could see an ice beast (fast), a wight, an adder and 2 ufetubi.

Vanquished Creatures
  A steam dragon (D:6)
  A black bear (D:3)
  An ogre (D:2)
  A centaur (D:5)
  2 phantoms (D:5)
  4 hounds
  A jelly (D:6)
  2 orc priests
  A sleepcap (D:6)
  4 iguanas
  2 orc wizards
  A crocodile zombie (Ossuary)
  2 mummies
  8 adders
  2 ufetubi (D:6)
  5 dart slugs
  A ribbon worm (D:2)
  19 orcs
  5 ball pythons
  4 bats
  6 endoplasms
  2 giant cockroaches
  8 goblins
  7 hobgoblins
  2 jackals (D:1)
  4 quokkas
  A frilled lizard (D:1)
  5 kobolds
  2 kobold zombies (D:4)
  5 rats
109 creatures vanquished.

Notes
Turn   | Place    | Note
-------+----------+-------------------------------------------
     0 | D:1      | Xavori the Djinni Chaos Knight began the quest for the Orb.
     0 | D:1      | Reached XP level 1. HP: 20/20 MP: 0/0
   141 | D:1      | Reached XP level 2. HP: 25/25 MP: 0/0
   223 | D:1      | XOM: divination: magic mapping
   264 | D:1      | Reached XP level 3. HP: 24/30 MP: 0/0
   264 | D:1      | Learned a level 1 spell: Slow
   265 | D:1      | Reached skill level 1 in Spellcasting
   265 | D:1      | Reached skill level 1 in Conjurations
   265 | D:1      | Reached skill level 1 in Hexes
   265 | D:1      | Reached skill level 1 in Summonings
   265 | D:1      | Reached skill level 1 in Necromancy
   265 | D:1      | Reached skill level 1 in Translocations
   265 | D:1      | Reached skill level 1 in Fire Magic
   265 | D:1      | Reached skill level 1 in Ice Magic
   265 | D:1      | Reached skill level 1 in Air Magic
   265 | D:1      | Reached skill level 1 in Earth Magic
   265 | D:1      | Reached skill level 1 in Alchemy
   401 | D:1      | XOM: give mutations
   401 | D:1      | Gained mutation: You sometimes lose your temper in combat.
                  | [Xom's mischief]
   401 | D:1      | Gained mutation: You expend health (3 HP) to strengthen
                  | your wands. [Xom's mischief]
   401 | D:1      | Gained mutation: You are weak. (Str -2) [Xom's mischief]
   527 | D:1      | XOM: give mutations
   527 | D:1      | Gained mutation: Your skin changes colour to match your
                  | surroundings (Stealth+). [Xom's grace]
   527 | D:1      | Gained mutation: You are agile. (Dex +4, Str/Int -1) [Xom's
                  | grace]
   527 | D:1      | Gained mutation: You have a pair of small horns on your
                  | head. [Xom's grace]
   861 | D:1      | XOM: give mutations
   861 | D:1      | Gained mutation: You passively dampen the noise of your
                  | surroundings. [Xom's mischief]
   861 | D:1      | Gained mutation: You are occasionally teleported next to
                  | monsters. [Xom's mischief]
   861 | D:1      | Gained mutation: You are robust. (+10% HP) [Xom's mischief]
   861 | D:1      | Lost mutation: Your skin changes colour to match your
                  | surroundings (Stealth+). [Xom's mischief]
   873 | D:1      | XOM: give mutations
   873 | D:1      | Gained mutation: Your spells are a little easier to cast,
                  | but a little less powerful. [Xom's mischief]
   873 | D:1      | Gained mutation: You have a pair of horns on your head.
                  | [Xom's mischief]
   873 | D:1      | Lost mutation: Your spells are a little easier to cast, but
                  | a little less powerful. [Xom's mischief]
   876 | D:2      | Found Budaudepi's Antique Armour Boutique.
  1131 | D:1      | XOM: cloud trail
  1390 | D:1      | XOM: summons 2 hostile demons
  1413 | D:2      | XOM is BORED!
  1413 | D:2      | XOM: give mutations
  1413 | D:2      | Lost mutation: You have a pair of horns on your head.
                  | [Xom's mischief]
  1413 | D:2      | Lost mutation: You sometimes lose your temper in combat.
                  | [Xom's mischief]
  1740 | D:2      | Reached XP level 4. HP: 38/38 MP: 0/0
  1794 | D:1      | XOM: noise
  1822 | D:1      | XOM: scenery: summon butterflies
  2247 | D:1      | XOM: silly message
  2641 | D:1      | XOM: god gift: 6 stones
  2763 | D:1      | XOM: scenery: create altars
  2777 | D:1      | XOM: give mutations
  2777 | D:1      | Gained mutation: You have a pair of horns on your head.
                  | [Xom's grace]
  2777 | D:1      | Gained mutation: You have a pair of large horns on your
                  | head. [Xom's grace]
  2777 | D:1      | Gained mutation: You are very robust. (+20% HP) [Xom's
                  | grace]
  3201 | D:1      | XOM: god gift: scroll labelled UZUUNL ETIG {god gift}
  3312 | D:1      | XOM: scenery: summon butterflies
  3413 | D:1      | XOM: god gift: 8 stones
  3560 | D:1      | XOM: scenery: summon butterflies
  3889 | D:1      | XOM: give mutations
  3889 | D:1      | Gained mutation: Your flesh is almost immune to the effects
                  | of heat. (rF+++) [Xom's grace]
  3889 | D:1      | Lost mutation: You are weak. (Str -2) [Xom's grace]
  3889 | D:1      | Gained mutation: Your movements are slightly less
                  | encumbered by armour. (ER -2) [Xom's grace]
  4094 | D:2      | Found Woickier's Weapon Shoppe.
  4117 | D:2      | Found Bokhuhox's Armour Shop.
  4238 | D:2      | Noticed an ogre
  4240 | D:2      | XOM: cast spell 'Olgreb's Toxic Radiance'
  4244 | D:2      | Killed an ogre
  4245 | D:2      | Reached XP level 5. HP: 34/48 MP: 0/0
  4245 | D:2      | Learned a level 2 spell: Momentum Strike
  4305 | D:2      | XOM: 2-stop teleportation journey
  4378 | D:2      | Found Quevul's Jewellery Shoppe.
  4402 | D:2      | Reached XP level 6. HP: 46/56 MP: 0/0
  4886 | D:3      | XOM is BORED!
  4886 | D:3      | XOM: give mutations
  4886 | D:3      | Gained mutation: Your natural rate of healing is unusually
                  | fast. [Xom's mischief]
  4886 | D:3      | Lost mutation: You are agile. (Dex +4, Str/Int -1) [Xom's
                  | mischief]
  4886 | D:3      | Lost mutation: You are occasionally teleported next to
                  | monsters. [Xom's mischief]
  4967 | D:3      | Found a white marble altar of Elyvilon.
  4967 | D:3      | XOM: 4-stop teleportation journey
  5051 | D:3      | XOM: divination: magic mapping
  5185 | D:3      | Found a faded altar of an unknown god.
  5228 | D:3      | Noticed a black bear
  5235 | D:3      | Killed a black bear
  5236 | D:3      | Reached XP level 7. HP: 44/62 MP: 0/0
  5236 | D:3      | Learned a level 3 spell: Hailstorm
  5957 | D:1      | XOM: cloud trail
  6211 | D:1      | XOM: give mutations
  6211 | D:1      | Gained mutation: You sometimes lose your temper in combat.
                  | [Xom's mischief]
  6211 | D:1      | Gained mutation: Potions are less effective at restoring
                  | your health. [Xom's mischief]
  6211 | D:1      | Lost mutation: You are very robust. (+20% HP) [Xom's
                  | mischief]
  6389 | D:1      | XOM: give mutations
  6389 | D:1      | Lost mutation: You sometimes lose your temper in combat.
                  | [Xom's mischief]
  6389 | D:1      | Lost mutation: You are robust. (+10% HP) [Xom's mischief]
  6389 | D:1      | Gained mutation: You are strong-willed. (Will+) [Xom's
                  | mischief]
  6464 | D:4      | XOM: noise
  6563 | D:4      | Found a blossoming altar of Fedhas.
  6603 | D:4      | Found a sand-covered staircase.
  6616 | Ossuary  | Entered an ossuary
  6631 | Ossuary  | XOM: summons 4 hostile demons
  6632 | Ossuary  | Noticed a neqoxec
  6632 | Ossuary  | Noticed a soul eater
  6784 | D:4      | XOM: stat loss: -1 Str (10/11)
  6838 | D:4      | Found a shadowy altar of Dithmenos.
  6846 | D:4      | XOM: blink monster(s)
  6893 | D:4      | XOM: 2-stop teleportation journey
  7030 | D:4      | XOM: chaos cloud
  7312 | D:4      | XOM: give mutation
  7312 | D:4      | Lost mutation: Potions are less effective at restoring your
                  | health. [Xom's mischief]
  7344 | D:4      | XOM: stat loss: -1 Dex (13/14)
  7596 | D:4      | XOM: give mutations
  7596 | D:4      | Gained mutation: Your muscles are strong. (Str +4, Int/Dex
                  | -1) [Xom's mischief]
  7596 | D:4      | Gained mutation: You have supernaturally acute eyesight.
                  | (SInv) [Xom's mischief]
  7596 | D:4      | Lost mutation: Your flesh is almost immune to the effects
                  | of heat. (rF+++) [Xom's mischief]
  7596 | D:4      | Lost mutation: You are strong-willed. (Will+) [Xom's
                  | mischief]
  7834 | D:5      | XOM: stealth player
  7834 | D:5      | Entered Level 5 of the Dungeon
  7999 | D:5      | Found a staircase to the Ecumenical Temple.
  8020 | D:5      | XOM: enchant monster (bad)
  8039 | D:5      | Reached XP level 8. HP: 53/58 MP: 0/0
  8241 | D:5      | Found an opulent altar of Gozag.
  8361 | D:5      | XOM: give mutations
  8361 | D:5      | Gained mutation: You are partially covered in iridescent
                  | scales. (AC +2) [Xom's mischief]
  8361 | D:5      | Gained mutation: You are strong-willed. (Will+) [Xom's
                  | mischief]
  8658 | D:5      | XOM: draining
  8682 | D:6      | Found Xedwysef's Weapon Shoppe.
  8698 | D:6      | XOM: chaos cloud
  8829 | D:6      | Slain by an ice beast

Illustrated notes

Levels and vault maps discovered:
D:1:      lemuel_arrival_hallway, layout_basic
D:2:      layout_basic, serial_shops, nicolae_shop_tiny_glass,
          nicolae_shop_stone, shop, shop
D:3:      layout_loops_corners, elyvilon_altar_1,
          dilly_ecumenical_altar_fadedgnrine
D:4:      layout_layer_cave, fedhas_altar_2, mainiacjoe_overflow_paths,
          nicolae_ossuary_entry_giza
D:5:      layout_loops_corners, mainiacjoe_overflow_surrounded_room,
          minmay_temple_entry_arrows
D:6:      minmay_chambers_of_sixes, layout_loops_cross,
          okawaru_ov_weapons_minmay, nicolae_kikubaaqudgha_miasma_corner,
          vehumet_crystals, serial_shops, shop,
          serial_library_regret_index_branch_corner,
          serial_library_regret_index_multi, minmay_diced_spiral, uniq_maggie

Skill      XL: |  1  2  3  4  5  6  7  8 |
---------------+-------------------------+-----
Spellcasting   | 1 2 3 4 |  4.3
Conjurations   | 1 2 3 4 |  4.3
Hexes          | 1 2 3 4 |  4.3
Summonings     | 1 2 3 4 |  4.3
Necromancy     | 1 2 3 4 |  4.3
Translocations | 1 2 3 4 |  4.3
Fire Magic     | 1 2 3 4 |  4.3
Ice Magic      | 1 2 3 4 |  4.3
Air Magic      | 1 2 3 4 |  4.3
Earth Magic    | 1 2 3 4 |  4.3
Alchemy        | 1 2 3 4 |  4.3
Long Blades    | 3 4 |  4.4
Armour         | 2 3 |  3.9
Dodging        | 3 4 |  4.8
Fighting       | 4 |  4.9

Action                     |  1- 3 |  4- 6 |  7- 9 || total
---------------------------+-------+-------+-------++-------
  Melee: Falchion          |    66 |    95 |   202 ||   363
         Headbutt          |     5 |    12 |    35 ||    52
   Cast: Hailstorm         |       |       |     1 ||     1
    Use: Scroll            |       |     1 |     5 ||     6
   Stab: Petrified         |     2 |       |       ||     2
         Petrifying        |     1 |       |       ||     1
         Sleeping          |       |     3 |     1 ||     4
         Paralysed         |       |       |     1 ||     1
 Armour: Leather armour    |    52 |    54 |   142 ||   248
  Dodge: Dodged            |    45 |    63 |   148 ||   256

Table legend: (Time is in decaauts)
 A = Elapsed time spent in this place.
 B = Non-inter-level travel time spent in this place.
 C = Inter-level travel time spent in this place.
 D = Time resting spent in this place.
 E = Time spent auto-exploring this place.
 F = Levels seen in this place.
 G = Mean time per level.
                   A        B        C        D        E       F      G
               +--------+--------+--------+--------+--------+-----+--------+
         Total |   8887 |   8669 |    218 |   4202 |   3565 |   7 | 1269.6 |
       Dungeon |   8863 |   8645 |    218 |   4200 |   3565 |   6 | 1477.2 |
       Ossuary |     23 |     23 |      0 |      2 |      0 |   1 |   23.0 |
               +--------+--------+--------+--------+--------+-----+--------+

Top non-repeatable levels by time:
     D:1: 4757 daAuts
     D:4: 1353 daAuts
     D:3: 1012 daAuts
     D:5: 855 daAuts
     D:2: 734 daAuts
     D:6: 150 daAuts
 Ossuary: 23 daAuts
